[Event "Skanderborg Skakklub SmukSkak EMT"]
[Site "Niels Ebbesenskolen, Skanderborg, Denmark"]
[Date "2020.08.21"]
[Round "1.1"]
[White "Olsen, Michael R. W."]
[Black "Pedersen, Lars Foldager"]
[Result "1/2-1/2"]
[TimeControl "90 min. til 40 træk, derefter 30 min. plus opsparet tid til resten af partiet med 30 sek. tillæg pr. træk fra træk ét."]
[WhiteFideId "1440969"]
[BlackFideId "1417649"]
[WhiteElo "2104"]
[BlackElo "1959"]

1. e4 e6 2. d4 d5 3. exd5 exd5 4. c4 c6 5.
Nf3 Bg4 6. Nc3 Nf6 7. Bg5 Be7 8. h3 Bh5 9. Bd3 O-O 10. O-O Bg6 11. Bxg6 hxg6 12. cxd5 cxd5 13. Rc1 Nc6 14. Bxf6 Bxf6 15.
Qd2 Re8 16. Rfe1 Rxe1+ 17. Rxe1 a6 1/2-1/2

[Event "Skanderborg Skakklub SmukSkak EMT"]
[Site "Niels Ebbesenskolen, Skanderborg, Denmark"]
[Date "2020.08.21"]
[Round "1.2"]
[White "Hansen, Morten Lyck"]
[Black "Knudsen, Martin"]
[Result "1-0"]
[TimeControl "90 min. til 40 træk, derefter 30 min. plus opsparet tid til resten af partiet med 30 sek. tillæg pr. træk fra træk ét."]
[WhiteFideId "1408437"]
[BlackFideId "1406523"]
[WhiteElo "1945"]
[BlackElo "1990"]

1. e4 Nf6 2. e5 Nd5 3. d4 d6 4. Nf3 dxe5 5. Nxe5 c6 6. Be2 Nd7 7. Nxd7 Bxd7 8. O-O g6 9. c4 Nb6 10. Nc3 Bg7 11. Be3 O-O 12.
Qd2 Re8 13. Rad1 Be6 14. b3 Qc8 15. Ne4 Rd8 16. Qc1 Bg4 17. f3 Bf5 18. g4 Bd7 19. Bh6 f5 20. Bxg7 Kxg7 21. Nc5 fxg4 22.
Qg5 Re8 23. fxg4 h6 24. Qe5+ Kg8 25. Qf4 e5 26. Qf7+ Kh8 27. Qxg6 Re7 28. Qxh6+ Kg8 29. Rf6 Rg7 30. Rg6 Qf8 31.
Rxg7+ Qxg7 32. Qxg7+ Kxg7 33. dxe5 Be8 34. Nxb7 1-0

[Event "Skanderborg Skakklub SmukSkak EMT"]
[Site "Niels Ebbesenskolen, Skanderborg, Denmark"]
[Date "2020.08.21"]
[Round "1.3"]
[White "Wilton, Lars"]
[Black "Bønnelykke, Ole"]
[Result "1/2-1/2"]
[TimeControl "90 min. til 40 træk, derefter 30 min. plus opsparet tid til resten af partiet med 30 sek. tillæg pr. træk fra træk ét."]
[WhiteFideId "1404962"]
[BlackFideId "1407287"]
[WhiteElo "1984"]
[BlackElo "2021"]

1. b3 e5 2. e3 Nc6 3. Bb2 Nf6 4. Bb5 d6 5. d4 exd4 6. exd4 a6 7. Bd3 Be7 8. Nf3 O-O 9. a3 Bg4 10.
Nbd2 Qd7 11. O-O 1/2-1/2

[Event "Skanderborg Skakklub SmukSkak EMT"]
[Site "Niels Ebbesenskolen, Skanderborg, Denmark"]
[Date "2020.08.21"]
[Round "1.4"]
[White "Thøgersen, Rasmus"]
[Black "Pedersen, Nicolai Vesterbæk"]
[Result "1-0"]
[TimeControl "90 min. til 40 træk, derefter 30 min. plus opsparet tid til resten af partiet med 30 sek. tillæg pr. træk fra træk ét."]
[BlackTitle "IM"]
[WhiteFideId "1431412"]
[BlackFideId "1402340"]
[WhiteElo "2267"]
[BlackElo "2384"]

1. e4 e5 2. Nf3 Nc6 3. Bc4 Bc5 4. c3 Nf6 5. d4 exd4 6. e5 d5 7. Bb5 Ne4 8.
cxd4 Bb6 9. Nc3 O-O 10. Be3 Bg4 11. h3 Bh5 12. Qc2 Bg6 13. Qb3 Ne7 14. Be2 c6 15. Nh4 Nxc3 16. bxc3 Be4 17. O-O Nf5 18. Nxf5 Bxf5 19. g4 Bd7 20. f4 f5 21. c4 dxc4 22. Bxc4+ Kh8 23. e6 Be8 24. d5 cxd5 25. Bxb6 axb6 26. Bxd5 fxg4 27. hxg4 Qh4 28. Qf3 Ra4 29. Kg2 h5 30. Rh1 Qf6 31. g5 Qb2+ 32. Kg3 g6 33. Rab1 Qd4 34. Rhf1 Ra5 35. Rfd1 Qc5 36. Rbc1 Qb4 37. Rc8 Ra3 38. Bb3 h4+ 39. Kg4 Bc6 40. Rxf8+ Qxf8 41. Qc3+ Qg7 42. Rd8+ Kh7 43. Qe1 1-0

[Event "Skanderborg Skakklub SmukSkak EMT"]
[Site "Niels Ebbesenskolen, Skanderborg, Denmark"]
[Date "2020.08.21"]
[Round "1.5"]
[White "Andersen, Rune"]
[Black "Hansen, Lars"]
[Result "0-1"]
[TimeControl "90 min. til 40 træk, derefter 30 min. plus opsparet tid til resten af partiet med 30 sek. tillæg pr. træk fra træk ét."]
[WhiteFideId "1405683"]
[BlackFideId "1402528"]
[WhiteElo "2129"]
[BlackElo "2223"]

1. d4 e6 2. c4 b6 3. a3 Bb7 4. Nc3 Nf6 5. d5 exd5 6. cxd5 Bd6 7. Nf3 O-O 8. Bg5 h6 9. Bh4 Re8 10.
e3 c6 11. Bc4 Na6 12. O-O Nc7 13. dxc6 dxc6 14. Qb3 Qe7 15. Rfd1 Rad8 16. Rd2 b5 17. Rad1 g5 18. Bg3 Bxg3 19.
hxg3 Rb8 20. Be2 c5 21. Qc2 Bc8 22. e4 b4 23. Nd5 Ncxd5 24. Rxd5 Nxd5 25. Rxd5 Qxe4 26. Qxc5 Qxe2 0-1

[Event "Skanderborg Skakklub SmukSkak EMT"]
[Site "Niels Ebbesenskolen, Skanderborg, Denmark"]
[Date "2020.08.21"]
[Round "1.6"]
[White "Fogh, Jens Olaf Svanholm"]
[Black "Brondt, Nicolai Kvist"]
[Result "1/2-1/2"]
[TimeControl "90 min. til 40 træk, derefter 30 min. plus opsparet tid til resten af partiet med 30 sek. tillæg pr. træk fra træk ét."]
[BlackTitle "FM"]
[WhiteFideId "1409476"]
[BlackFideId "1413848"]
[WhiteElo "2117"]
[BlackElo "2244"]

1. d4 Nf6 2. Nf3 d5 3. e3 c5 4. Be2 Nc6 5. O-O Bg4 6. Ne5 Bxe2 7. Qxe2 cxd4 8. Nxc6 bxc6 9. exd4 e6 10. c4 dxc4 11. Qxc4 Qd5 12.
Qc2 Bd6 13. h3 O-O 14. Be3 Rac8 15. Nc3 Qc4 16. Rfc1 Qb4 17. a3 Qb7 18. b4 Nd5 19. Qd3 Be7 20. Rc2 Rfd8 21. Ne4 Qb5 22.
Qd2 h6 23. Rac1 Qa4 24. Ra2 e5 25. Nc3 Qb3 26. Nxd5 Rxd5 27. Rc3 Qb1+ 28. Rc1 Qe4 29. f3 Qg6 30. Qf2 e4 31. fxe4 Qxe4 32.
Rf1 Bf6 33. Rd2 Re8 34. Re2 Qd3 35. Kh1 Rxd4 36. Ree1 Rde4 37. Bxa7 Qxa3 38. Rxe4 Rxe4 39. Bc5 Qb3 40. Qd2 Qe6 41.
Qd3 Re1 42. Qf3 Bc3 43. Kg1 Rxf1+ 44. Qxf1 Qe1 45. Qxe1 Bxe1 46. Kf1 Bg3 47. Ke2 f5 48. Kd3 Kf7 49. Kc4 Ke6 50. Bf8 Kf7 51.
Bc5 Ke6 52. Bf8 Be5 53. Kc5 Kd7 54. Kc4 h5 55. b5 cxb5+ 56. Kxb5 g6 57. Kc4 Ke6 58. Kd3 Kd5 59. Ke3 Bb2 60.
Kf3 Bc3 61. Bh6 Be5 62. Bc1 Kc4 63. Be3 Kd3 64. Bg5 Bd6 65. Bf6 Kd2 66. Bh4 Be5 67. Bf2 Bc7 68. Bh4 Bb6 69. Bg5+ Kd3 70.
Bf4 Bd8 71. Bh6 Kd4 72. Bc1 Kd5 73. Bd2 Ke6 74. Bc1 g5 75. g4 hxg4+ 76. hxg4 f4 77. Bxf4 gxf4 78. Kxf4 Kf7 79. Kf5 Kg8 80.
g5 Bxg5 81. Kxg5 1/2-1/2

[Event "Skanderborg Skakklub SmukSkak EMT"]
[Site "Niels Ebbesenskolen, Skanderborg, Denmark"]
[Date "2020.08.22"]
[Round "2.1"]
[White "Olsen, Michael R. W."]
[Black "Hansen, Morten Lyck"]
[Result "1-0"]
[TimeControl "90 min. til 40 træk, derefter 30 min. plus opsparet tid til resten af partiet med 30 sek. tillæg pr. træk fra træk ét."]
[WhiteFideId "1440969"]
[BlackFideId "1408437"]
[WhiteElo "2104"]
[BlackElo "1945"]

1. Nf3 d5 2. c4 c6 3. e3 Nf6 4. Nc3 e6 5. a3 Bd6 6. Be2 O-O 7. d4 Nbd7 8. Qc2 a6 9. e4 dxe4 10.
Nxe4 Nxe4 11. Qxe4 Nf6 12. Qc2 c5 13. dxc5 Bxc5 14. b4 Be7 15. Bb2 Bd7 16. Ng5 g6 17. Qc3 Bc6 18. Bf3 Bxf3 19.
Nxf3 Qd6 20. Rd1 Qf4 21. Rd4 Ne4 22. Qc2 f5 23. Rd7 Bf6 24. O-O Rf7 25. Rxf7 Kxf7 26. Rd1 Re8 27. c5 Qc7 28. Bxf6 Nxf6 29. Rd6 h6 30. Qd2 g5 31. h4 g4 32. Ne5+ Kg7 33. Qd4 Re7 34. a4 h5 35. g3 Ne4 36. Rd8 Nc3 37.
Qxc3 Qxd8 38. Nc6+ 1-0

[Event "Skanderborg Skakklub SmukSkak EMT"]
[Site "Niels Ebbesenskolen, Skanderborg, Denmark"]
[Date "2020.08.22"]
[Round "2.2"]
[White "Knudsen, Martin"]
[Black "Wilton, Lars"]
[Result "1/2-1/2"]
[TimeControl "90 min. til 40 træk, derefter 30 min. plus opsparet tid til resten af partiet med 30 sek. tillæg pr. træk fra træk ét."]
[WhiteFideId "1406523"]
[BlackFideId "1404962"]
[WhiteElo "1990"]
[BlackElo "1984"]

1. d4 Nf6 2. c4 e6 3. Nf3 d5 4. e3 Nbd7 5. Be2 c6 6. O-O Bd6 7. Nbd2 O-O 8. b3 Ne4 9. Bb2 f5 10.
Ne5 Ndf6 11. f3 Nxd2 12. Qxd2 dxc4 13. Nxc4 Bc7 14. Qc2 Nd5 15. Qd2 b5 16. Ne5 Bxe5 17. dxe5 Qb6 18. Bd4 c5 19.
Bb2 Bb7 20. Kh1 Rad8 21. Rfd1 f4 22. exf4 Nxf4 23. Qe3 Nxe2 24. Qxe2 Rd5 25. Rac1 Rfd8 26. Rxd5 Bxd5 27. Qf2 c4 28.
Bd4 Qb7 29. bxc4 Bxc4 30. a3 a6 31. Bc5 Rd3 32. Bd6 Qd5 33. Bb4 Qd8 34. h3 Qd5 35. Bd6 Qd4 1/2-1/2

[Event "Skanderborg Skakklub SmukSkak EMT"]
[Site "Niels Ebbesenskolen, Skanderborg, Denmark"]
[Date "2020.08.22"]
[Round "2.3"]
[White "Pedersen, Lars Foldager"]
[Black "Bønnelykke, Ole"]
[Result "0-1"]
[TimeControl "90 min. til 40 træk, derefter 30 min. plus opsparet tid til resten af partiet med 30 sek. tillæg pr. træk fra træk ét."]
[WhiteFideId "1417649"]
[BlackFideId "1407287"]
[WhiteElo "1959"]
[BlackElo "2021"]

1. Nf3 Nf6 2. c4 e6 3. d4 c5 4. e3 Be7 5. Be2 O-O 6. O-O Qc7 7. Nc3 a6 8. a3 b6 9. b3 Bb7 10.
Bb2 d6 11. Rc1 Nbd7 12. Qc2 Rac8 13. Rfd1 Rfd8 14. d5 exd5 15. Nxd5 Nxd5 16. cxd5 Bf6 17. Bxf6 Nxf6 18. Qf5 Qd7 19.
Nh4 Rc7 20. Bf3 Qe7 21. Rc4 Bc8 22. Qd3 b5 23. Rf4 g5 24. Nf5 Qe5 25. Nh6+ Kh8 26. Rf5 Bxf5 27. Nxf5 c4 28. bxc4 bxc4 29. Qc2 g4 30. Be2 h5 31.
Bxc4 Rdc8 32. Rd4 Rxc4 33. Rxc4 Qa1+ 0-1

[Event "Skanderborg Skakklub SmukSkak EMT"]
[Site "Niels Ebbesenskolen, Skanderborg, Denmark"]
[Date "2020.08.22"]
[Round "2.4"]
[White "Fogh, Jens Olaf Svanholm"]
[Black "Andersen, Rune"]
[Result "1-0"]
[TimeControl "90 min. til 40 træk, derefter 30 min. plus opsparet tid til resten af partiet med 30 sek. tillæg pr. træk fra træk ét."]
[WhiteFideId "1409476"]
[BlackFideId "1405683"]
[WhiteElo "2117"]
[BlackElo "2129"]

1. d4 d5 2. Nf3 Nf6 3. e3 Bg4 4. Be2 e6 5. O-O Bd6 6. c4 c6 7. Nc3 Nbd7 8. Nd2 Bf5 9. Bf3 h5 10.
e4 dxe4 11. Ndxe4 Bxh2+ 12. Kxh2 Ng4+ 13. Kg1 Qh4 14. Bf4 Nxf2 15. Bg3 Nxd1 16. Bxh4 Nxb2 17. Nd6+ Kf8 18. Nxf5 exf5 19. Rab1 Nxc4 20.
Rxb7 Ndb6 21. Bxc6 Rc8 22. d5 f6 23. Rxa7 Ne5 24. Rb1 Nxc6 25. dxc6 Rxc6 26. Rxb6 1-0

[Event "Skanderborg Skakklub SmukSkak EMT"]
[Site "Niels Ebbesenskolen, Skanderborg, Denmark"]
[Date "2020.08.22"]
[Round "2.5"]
[White "Hansen, Lars"]
[Black "Thøgersen, Rasmus"]
[Result "0-1"]
[TimeControl "90 min. til 40 træk, derefter 30 min. plus opsparet tid til resten af partiet med 30 sek. tillæg pr. træk fra træk ét."]
[WhiteFideId "1402528"]
[BlackFideId "1431412"]
[WhiteElo "2223"]
[BlackElo "2267"]

1. d4 Nf6 2. Bg5 Ne4 3. Bf4 d5 4. e3 e6 5. Bd3 Bd6 6. Qg4 Qf6 7. Bxe4 Bxf4 8. Bxd5 Bd6 9. Be4 Nd7 10.
Nd2 e5 11. Ne2 O-O 12. Qf3 exd4 13. Nxd4 Qg5 14. h4 Qc5 15. Qe2 Nf6 16. O-O-O a5 17. Qb5 Qa7 18. Qd3 Rd8 19. Nb5 Qc5 20.
Nb3 Qe5 21. Bf3 a4 22. N3d4 a3 23. c3 axb2+ 24. Kxb2 Be6 25. a3 Bf8 26. Qc2 c6 27. a4 cxb5 28. Nxb5 Bd5 29. Rd4 Bc5 30.
Rf4 Bxf3 31. gxf3 Nd5 32. Rf5 Qe6 33. Rd1 Be7 34. e4 Nb6 35. Ra1 Nc4+ 36. Kc1 Qh6+ 37. f4 Qxh4 38. Qe2 0-1

[Event "Skanderborg Skakklub SmukSkak EMT"]
[Site "Niels Ebbesenskolen, Skanderborg, Denmark"]
[Date "2020.08.22"]
[Round "2.6"]
[White "Brondt, Nicolai Kvist"]
[Black "Pedersen, Nicolai Vesterbæk"]
[Result "1-0"]
[TimeControl "90 min. til 40 træk, derefter 30 min. plus opsparet tid til resten af partiet med 30 sek. tillæg pr. træk fra træk ét."]
[WhiteTitle "FM"]
[BlackTitle "IM"]
[WhiteFideId "1413848"]
[BlackFideId "1402340"]
[WhiteElo "2244"]
[BlackElo "2384"]

1. d4 Nf6 2. c4 g6 3. Nf3 Bg7 4. g3 O-O 5. Bg2 d6 6. O-O Nc6 7. Nc3 e5 8. dxe5 dxe5 9. Bg5 Be6 10.
Qc1 Qc8 11. Rd1 Rd8 12. Nd2 Bh3 13. Nde4 Rxd1+ 14. Qxd1 Nxe4 15. Bxe4 h6 16. Be3 f5 17.
Qd5+ Kh7 18. Bg2 Bxg2 19. Kxg2 Nd4 20. Rd1 Ne6 21. Bc1 e4 22. f3 exf3+ 23. exf3 c6 24. Qd6 Bf8 25. Qd7+ Kg8 26.
Be3 b6 27. b3 Bg7 28. Ne2 Qe8 29. Kf2 Nf8 30. Qxe8 Rxe8 31. Rd6 c5 32. Nf4 Kf7 33. a4 Be5 34. Rd2 g5 35. Nd5 Ne6 36.
Re2 f4 37. Bxf4 gxf4 38. Rxe5 fxg3+ 39. hxg3 Nd4 40. Rxe8 Kxe8 41. b4 cxb4 42. Nxb4 Nb3 43. Nd3 Na5 44. c5 Kd7 45. cxb6 axb6 46.
Ke3 Nc4+ 47. Kd4 Nd6 48. g4 Ne8 49. Ne5+ Ke6 50. Nc4 h5 51. gxh5 Ng7 52. Nxb6 Kd6 53. Nc4+ Kc7 54. h6 Nf5+ 55.
Ke5 Nxh6 56. Ke6 Kc6 57. f4 Kc5 58. Nb2 1-0

[Event "Skanderborg Skakklub SmukSkak EMT"]
[Site "Niels Ebbesenskolen, Skanderborg, Denmark"]
[Date "2020.08.22"]
[Round "3.1"]
[White "Wilton, Lars"]
[Black "Olsen, Michael R. W."]
[Result "0-1"]
[TimeControl "90 min. til 40 træk, derefter 30 min. plus opsparet tid til resten af partiet med 30 sek. tillæg pr. træk fra træk ét."]
[WhiteFideId "1404962"]
[BlackFideId "1440969"]
[WhiteElo "1984"]
[BlackElo "2104"]

1. c4 c5 2. Nf3 Nc6 3. Nc3 Nd4 4. e3 Nxf3+ 5. Qxf3 d6 6. Bd3 Nf6 7. O-O g6 8. Bc2 Bg7 9. b3 Rb8 10.
Bb2 Bg4 11. Qg3 Bd7 12. f4 Nh5 13. Qf2 f5 14. d4 cxd4 15. exd4 O-O 16. Rae1 Re8 17. Bd1 Nf6 18. Bf3 Qa5 19.
Kh1 a6 20. a3 Qc7 21. Rc1 e6 22. g3 Rbc8 23. Rfe1 Qb6 24. Qc2 h5 25. Nd1 Re7 26. b4 d5 27. c5 Qd8 28. a4 Ne4 29.
Re3 Kf7 30. Kg2 Qh8 31. Rd3 h4 32.
Bxe4 dxe4 33. Rd2 hxg3 34. hxg3 Qh5 35. Rf2 e3 36. Nxe3 Bc6+ 37. d5 exd5 38.
b5 Rxe3 39. Qd1 Qxd1 40. Rxd1 axb5 41. axb5 Bxb5 42. Bxg7 Kxg7 0-1

[Event "Skanderborg Skakklub SmukSkak EMT"]
[Site "Niels Ebbesenskolen, Skanderborg, Denmark"]
[Date "2020.08.22"]
[Round "3.2"]
[White "Hansen, Morten Lyck"]
[Black "Pedersen, Lars Foldager"]
[Result "0-1"]
[TimeControl "90 min. til 40 træk, derefter 30 min. plus opsparet tid til resten af partiet med 30 sek. tillæg pr. træk fra træk ét."]
[WhiteFideId "1408437"]
[BlackFideId "1417649"]
[WhiteElo "1945"]
[BlackElo "1959"]

1. e4 d5 2. exd5 Qxd5 3. Nc3 Qa5 4. d4 Nf6 5.
Nf3 Bf5 6. Bc4 e6 7. Bd2 c6 8.
O-O Nbd7 9. d5 cxd5 10. Nxd5 Qc5 11. Nxf6+ Nxf6 12. Qe2 a6 13. Be3 Qc7 14. h3 Bd6 15. Nd4 Be4 16. Bg5 Bd5 17.
Bxd5 Nxd5 18. Rfe1 Ne7 19. Rad1 e5 20. Bxe7 Bxe7 21. Qxe5 Qxe5 22. Rxe5 f6 23. Re2 Kf7 24. Nf5 Bf8 25.
Rd7+ Kg6 26. g4 h5 27. Rxb7 hxg4 28. hxg4 Kg5 29. Ne3 g6 30. Nd5 Bd6 31. Re6 Rad8 32. c4 Be5 33. b3 Kxg4 34. Ree7 Kf3 35. Rh7 Bd4 36.
Rxh8 Bxf2+ 37. Kf1 Rxh8 0-1

[Event "Skanderborg Skakklub SmukSkak EMT"]
[Site "Niels Ebbesenskolen, Skanderborg, Denmark"]
[Date "2020.08.22"]
[Round "3.3"]
[White "Bønnelykke, Ole"]
[Black "Knudsen, Martin"]
[Result "1/2-1/2"]
[TimeControl "90 min. til 40 træk, derefter 30 min. plus opsparet tid til resten af partiet med 30 sek. tillæg pr. træk fra træk ét."]
[WhiteFideId "1407287"]
[BlackFideId "1406523"]
[WhiteElo "2021"]
[BlackElo "1990"]

1. e4 d6 2. Nc3 Nf6 3. g3 e5 4. Bg2 Nc6 5. Nge2 Be7 6. O-O O-O 7. d3 Rb8 8. a4 b6 9. f4 exf4 10.
Nxf4 Bg4 11. Qe1 a6 12. Be3 Nb4 13. Qf2 Bd7 14. h3 h6 15. Ncd5 Nbxd5 16. Nxd5 Nxd5 17. exd5 Bg5 18. Bd4 f5 19.
b3 a5 20. Rae1 Bf6 21. h4 Bxd4 22. Qxd4 Qf6 23. Qxf6 Rxf6 24. Re7 Rd8 25. Bh3 Kf8 26. Re2 Re8 27. Rxe8+ 1/2-1/2

[Event "Skanderborg Skakklub SmukSkak EMT"]
[Site "Niels Ebbesenskolen, Skanderborg, Denmark"]
[Date "2020.08.22"]
[Round "3.4"]
[White "Thøgersen, Rasmus"]
[Black "Fogh, Jens Olaf Svanholm"]
[Result "1-0"]
[TimeControl "90 min. til 40 træk, derefter 30 min. plus opsparet tid til resten af partiet med 30 sek. tillæg pr. træk fra træk ét."]
[WhiteFideId "1431412"]
[BlackFideId "1409476"]
[WhiteElo "2267"]
[BlackElo "2117"]

1. e4 e6 2. d4 d5 3. Nc3 dxe4 4. Nxe4 Nd7 5. Nf3 Ngf6 6. Nxf6+ Nxf6 7. Bd3 c5 8. Be3 Qb6 9. Qe2 a6 10. O-O-O Nd5 11. Ne5 Nxe3 12. fxe3 Bd6 13. Qh5 Qc7 14.
Rhf1 Bxe5 15. dxe5 h6 16. Rxf7 Qxf7 17. Bg6 O-O 18. Bxf7+ Rxf7 19. Rd8+ Rf8 20. Qd1 b5 21. Rxf8+ 1-0

[Event "Skanderborg Skakklub SmukSkak EMT"]
[Site "Niels Ebbesenskolen, Skanderborg, Denmark"]
[Date "2020.08.22"]
[Round "3.5"]
[White "Andersen, Rune"]
[Black "Brondt, Nicolai Kvist"]
[Result "0-1"]
[TimeControl "90 min. til 40 træk, derefter 30 min. plus opsparet tid til resten af partiet med 30 sek. tillæg pr. træk fra træk ét."]
[BlackTitle "FM"]
[WhiteFideId "1405683"]
[BlackFideId "1413848"]
[WhiteElo "2129"]
[BlackElo "2244"]

1. d4 d5 2. c4 c6 3.
Nc3 Nf6 4. Nf3 e6 5. Bg5 h6 6. Bh4 dxc4 7. e4 g5 8.
Bg3 b5 9. Be2 Bb7 10. Qc2 Nbd7 11. Rd1 a6 12. O-O Be7 13. Ne5 h5 14. h3 Nxe5 15. Bxe5 Rh6 16. Rfe1 Qb6 17. Qd2 Nd7 18.
Bh2 O-O-O 19. Qe3 e5 20. Bf3 f6 21. g4 h4 22. a3 Rhh8 23. Ne2 c5 24. d5 Bd6 25. Rc1 Kc7 26. Nc3 Rb8 27.
Nd1 Nf8 28. Qd2 Ng6 29. Ne3 Ne7 30. Be2 Rhc8 31. a4 Kd7 32. Kg2 Ke8 33. f3 Kf7 34. Rc2 Ng6 35. Nf5 Nf4+ 36. Bxf4 exf4 37.
Nxd6+ Qxd6 38. axb5 axb5 39. Ra1 Ra8 40. Rcc1 Qe5 41. Qc2 Kg7 42. Rd1 Re8 43. Kf1 Red8 44. Kg2 Kf7 45. Bf1 Ke7 46.
Be2 Kd6 47. Qd2 Kc7 48. Qc2 Rxa1 49. Rxa1 Qd4 50. Qc1 Rd6 51. Ra5 Ba6 52. Qc2 Kb6 53. Ra1 Qe3 54. Kf1 Qb3 55. Qc1 Rd7 56.
Ra3 Qb4 57. Qa1 Ra7 58. Qc1 Bc8 59. Rxa7 Kxa7 60. Qc2 Bb7 61. d6 Qa5 62. Qd1 Qd8 63. b3 cxb3 64. Qxb3 Qxd6 65. Bxb5 Ba6 66.
Qf7+ Kb6 67. Bxa6 Kxa6 68. Qc4+ Ka5 69. Qc3+ Kb6 70. Ke2 Qd4 71. Qb3+ Ka5 72.
Qa3+ Kb5 73. Qb3+ Qb4 74. Qd1 Qc4+ 75. Ke1 Qc3+ 76. Kf1 Kb4 77.
Kg2 c4 78. Qd6+ Kb3 79. Qb6+ Ka2 80. Qa6+ Kb1 81. Qc6 Qd4 82. Qd5 Qb2+ 83. Kg1 c3 0-1

[Event "Skanderborg Skakklub SmukSkak EMT"]
[Site "Niels Ebbesenskolen, Skanderborg, Denmark"]
[Date "2020.08.23"]
[Round "4.1"]
[White "Olsen, Michael R. W."]
[Black "Bønnelykke, Ole"]
[Result "1/2-1/2"]
[TimeControl "90 min. til 40 træk, derefter 30 min. plus opsparet tid til resten af partiet med 30 sek. tillæg pr. træk fra træk ét."]
[WhiteFideId "1440969"]
[BlackFideId "1407287"]
[WhiteElo "2104"]
[BlackElo "2021"]

1. g3 e5 2. Bg2 Nc6 3. c3 g6 4. b4 Bg7 5. Na3 f5 6. Nc2 d5 7. d4 e4 8. h4 h6 9. Nh3 Be6 10.
Ne3 Qd7 11. Qb3 Nf6 12. Nd1 O-O 13. Nb2 Ne7 14. a4 b6 15. Bf1 c5 16. e3 Nc6 17. Bd2 Bf7 18. Qa3 c4 19. Nd1 Rfe8 20.
Bc1 Bf8 21. Qa2 Bd6 22. Ba3 a6 23. Qc2 Kg7 24. Nb2 b5 25. Be2 Qc7 26. Kd2 a5 27. bxa5 b4 28. cxb4 Bxb4+ 29. Bxb4 Nxb4 30. Qc3 Rab8 31.
Rhb1 Qd7 32. Nd1 Nd3 33. Rb6 f4 34. Nxf4 g5 35. Ng2 Qh3 36. Rab1 Rxb6 37. axb6 Qxg2 38.
b7 Nd7 39. a5 Nb8 40. hxg5 hxg5 41. Qa3 Nxf2 42. Nc3 Qxg3 1/2-1/2

[Event "Skanderborg Skakklub SmukSkak EMT"]
[Site "Niels Ebbesenskolen, Skanderborg, Denmark"]
[Date "2020.08.23"]
[Round "4.2"]
[White "Hansen, Morten Lyck"]
[Black "Wilton, Lars"]
[Result "1-0"]
[TimeControl "90 min. til 40 træk, derefter 30 min. plus opsparet tid til resten af partiet med 30 sek. tillæg pr. træk fra træk ét."]
[WhiteFideId "1408437"]
[BlackFideId "1404962"]
[WhiteElo "1945"]
[BlackElo "1984"]

1. e4 d5 2. exd5 Nf6 3. Nf3 Nxd5 4. d4 g6 5. c4 Nb6 6. c5 Nd5 7. Bc4 Bg7 8. h3 O-O 9. O-O h6 10.
Nc3 c6 11. Re1 Nxc3 12. bxc3 Nd7 13. Bf4 Nf6 14. Qd2 Kh7 15. Ne5 Nd5 16. Bh2 Bf6 17. Bd3 Kg7 18. c4 Nc7 19. Bc2 Bf5 20.
Bxf5 gxf5 21. Rad1 e6 22. Nf3 Qd7 23. Be5 Bxe5 24. Nxe5 Qe7 25. Re3 Rad8 26. Rg3+ Kh7 27. Qe2 Rg8 28.
Rxg8 Rxg8 29. Qh5 Rg7 30. Nf3 b6 31. cxb6 axb6 32. h4 Qf6 33. Rb1 b5 34. cxb5 cxb5 35. Rc1 Nd5 36. Ng5+ Kh8 37.
Rc8+ Rg8 38. Nxf7+ Kg7 39. Rxg8+ Kxg8 40.
Ne5 b4 41. Qe8+ Kg7 42. h5 Ne7 43. Kf1 Qf8 44. Qd7 Kf6 45. Qc7 Qe8 46. Nd7+ Kg5 47. Qg3+ 1-0

[Event "Skanderborg Skakklub SmukSkak EMT"]
[Site "Niels Ebbesenskolen, Skanderborg, Denmark"]
[Date "2020.08.23"]
[Round "4.3"]
[White "Pedersen, Lars Foldager"]
[Black "Knudsen, Martin"]
[Result "1/2-1/2"]
[TimeControl "90 min. til 40 træk, derefter 30 min. plus opsparet tid til resten af partiet med 30 sek. tillæg pr. træk fra træk ét."]
[WhiteFideId "1417649"]
[BlackFideId "1406523"]
[WhiteElo "1959"]
[BlackElo "1990"]

1. e4 c6 2. d4 d5 3. Nd2 dxe4 4. Nxe4 Nf6 5. Nxf6+ exf6 6. Nf3 Bd6 7. Be2 O-O 8. O-O Bg4 9.
h3 Bh5 10. Nh4 Bxe2 11. Qxe2 Re8 12. Qg4 Bf8 13. Bf4 Qd7 14. Nf5 Kh8 15. Rae1 Re6 16. d5 cxd5 17. Bd6 Qe8 18. Be7 Nc6 19.
Bxf8 Qxf8 20. Ne3 Rd8 21. Rd1 Re5 22. Qf4 Qe7 23. Qf3 Qe6 24. Ng4 Re4 25. Qb3 b6 26. Qa3 h6 27. Qg3 Qd6 28.
Qd3 Nb4 29. Qb3 Nc6 30. Ne3 Ne7 31. Qd3 Re6 32. c4 dxc4 33. Qxc4 Qb8 34. Rxd8+ Qxd8 35. Rd1 Rd6 1/2-1/2

[Event "Skanderborg Skakklub SmukSkak EMT"]
[Site "Niels Ebbesenskolen, Skanderborg, Denmark"]
[Date "2020.08.23"]
[Round "4.4"]
[White "Fogh, Jens Olaf Svanholm"]
[Black "Pedersen, Nicolai Vesterbæk"]
[Result "0-1"]
[TimeControl "90 min. til 40 træk, derefter 30 min. plus opsparet tid til resten af partiet med 30 sek. tillæg pr. træk fra træk ét."]
[BlackTitle "IM"]
[WhiteFideId "1409476"]
[BlackFideId "1402340"]
[WhiteElo "2117"]
[BlackElo "2384"]

1. d4 Nf6 2. Nf3 e6 3. e3 b6 4. Be2 Bb7 5. O-O d5 6. c4 Bd6 7. Nc3 a6 8. a3 Nbd7 9. b4 dxc4 10.
Bxc4 O-O 11. Re1 e5 12. e4 h6 13. Ra2 b5 14. Bb3 Re8 15. d5 Bf8 16. Rc2 Rc8 17. Bb2 c5 18. dxc6 Bxc6 19.
Nd5 Bxd5 20. Rxc8 Qxc8 21. exd5 Bd6 22. Qb1 Qb8 23. h3 e4 24. Nd2 Be5 25. Bc1 Bf4 26. Nf1 Bxc1 27. Rxc1 Ne5 28.
Ng3 Nd3 29. Rf1 Nxf2 30. Kxf2 Qf4+ 31. Kg1 Qxg3 32. Qd1 Rc8 33. d6 Rd8 34. Rxf6 gxf6 35. Qd5 Qg6 36. Qc5 f5 37. Qc7 Rf8 38.
d7 Qf6 39. Bxf7+ Qxf7 40. d8=Q Rxd8 41. Qxd8+ Kg7 42. Qd6 Qf6 43. Qg3+ Kf7 44. Qc7+ Qe7 45. Qf4 Qe6 46. Qc7+ Kf6 47.
Qc3+ Qe5 48. Qc6+ Kg5 49. Qc8 e3 50. Qg8+ Kf4 51. Qg6 Ke4 52. Qc6+ Kd3 53. Qd7+ Kc2 54. Qc6+ Kb2 55. Qxh6 Qd4 56.
Qe6 e2+ 57. Kh2 Qf4 0-1

[Event "Skanderborg Skakklub SmukSkak EMT"]
[Site "Niels Ebbesenskolen, Skanderborg, Denmark"]
[Date "2020.08.23"]
[Round "4.5"]
[White "Andersen, Rune"]
[Black "Thøgersen, Rasmus"]
[Result "0-1"]
[TimeControl "90 min. til 40 træk, derefter 30 min. plus opsparet tid til resten af partiet med 30 sek. tillæg pr. træk fra træk ét."]
[WhiteFideId "1405683"]
[BlackFideId "1431412"]
[WhiteElo "2129"]
[BlackElo "2267"]

1. d4 Nf6 2. c4 g6 3. Nc3 Bg7 4. e4 d6 5. Nge2 O-O 6. Ng3 c5 7. d5 e6 8. Be2 exd5 9. exd5 Nbd7 10.
O-O a6 11. Bg5 h6 12. Bf4 Ne8 13. Qd2 Kh7 14. Be3 f5 15. f4 Nc7 16. a4 Rb8 17. Bd3 Nf6 18. h3 b5 19. axb5 axb5 20.
Nxb5 Nxb5 21. cxb5 Nxd5 22. Bf2 Nc7 23. Ra5 Bd7 24. b4 Nxb5 25. Bxb5 Bxb5 26. Re1 cxb4 27. Ra7 Bd7 28. Qxd6 Rf7 29.
Rd1 b3 30. Qd5 Qe8 31. Re1 b2 32. Rxe8 Bxe8 33. Rxf7 b1=Q+ 34. Kh2 Bxf7 35. Qxf7 Rb7 36. Qe6 Qd3 37. Bb6 Qa6 0-1